 Dungeon Crawl Stone Soup version 0.22.1-2-g9c5b331 (webtiles) character file.

432 whitewolfNL the Cudgeler (level 6, -7/53 HPs)
             Began as a Minotaur Berserker on Nov 17, 2018.
             Was a Priest of Trog.
             Mangled by an ogre
             ... wielding a +0 giant spiked club
              (31 damage)
             ... on level 4 of the Dungeon.
             The game lasted 00:19:51 (4054 turns).

whitewolfNL the Cudgeler (Minotaur Berserker)       Turns: 4054, Time: 00:19:51

Health: -7/53      AC:  8    Str: 21    XL:     6   Next: 67%
Magic:  5/5        EV: 11    Int:  5    God:    Trog [***...]
Gold:   257        SH:  0    Dex: 11    Spells: 5/5 levels left

rFire    + . .     SeeInvis .   l - +0 flail
rCold    x . .     Gourm    +   (no shield)
rNeg     + . .     Faith    .   t - +0 scale mail
rPois    .         Spirit   .   (helmet restricted)
rElec    .         Reflect  .   s - +0 cloak
rCorr    .         Harm     .   (no gloves)
MR       .....                  (no boots)
Stlth    ..........             g - amulet of the gourmand
HPRegen  0.17/turn              u - ring of positive energy
MPRegen  0.09/turn              v - ring of fire

@: no status effects
A: retaliatory headbutt, horns 2
a: Berserk, Trog's Hand, Renounce Religion


You were on level 4 of the Dungeon.
You worshipped Trog.
Trog was most pleased with you.
You were very full.

You visited 1 branch of the dungeon, and saw 4 of its levels.

You collected 257 gold pieces.

Inventory:

Hand Weapons
 l - a +0 flail (weapon)
Missiles
 f - 128 arrows
 i - 55 bolts
 k - 39 sling bullets
Armour
 s - a +0 cloak (worn)
 t - a +0 scale mail (worn)
Jewellery
 g - an amulet of the gourmand (around neck)
 u - a ring of positive energy (left hand)
 v - a ring of fire (right hand)
Wands
 w - a wand of iceblast (9)
Scrolls
 b - a scroll of enchant weapon {unknown}
 d - a scroll of enchant armour {unknown}
 j - a scroll of magic mapping {unknown}
 m - 3 scrolls of blinking {unknown}
 n - 4 scrolls of remove curse
 r - a scroll of teleportation {unknown}
Potions
 e - 3 potions of lignification {unknown}
 h - 2 potions of heal wounds {unknown}
 o - 3 potions of degeneration {unknown}
 p - a potion of curing {unknown}
 q - a potion of cancellation {unknown}
Comestibles
 a - 3 chunks of flesh
 c - 9 rations


   Skills:
 + Level 4.4 Fighting
 * Level 6.6 Maces & Flails
 + Level 3.9 Armour
 + Level 3.8 Dodging
 * Level 2.0 Stealth
 * Level 0.3 Evocations


You had 5 spell levels left.
You didn't know any spells.
Your spell library was empty.

Dungeon Overview and Level Annotations

Branches:
Dungeon (4/15)
 Temple: D:4-7

Altars:
Gozag


Innate Abilities, Weirdness & Mutations

You reflexively headbutt those who attack you in melee.
You have a pair of horns on your head.


Message History

You now have 253 gold pieces (gained 9).
You now have 257 gold pieces (gained 4).
r - a scroll labeled TEYMPE LOKHLOPPU You open the door.
An ogre comes into view. It is wielding a giant spiked club.
The ogre shouts!
There is an open door here.
The ogre completely misses you.
You barely miss the ogre. You sock the ogre!
The ogre is heavily wounded.
The ogre hits you with a giant spiked club!
You hit the ogre.
The ogre is severely wounded.
The ogre hits you with a giant spiked club!
You hit the ogre but do no damage.
The ogre is severely wounded.
The ogre hits you with a giant spiked club!!
Ouch! That really hurt!
You die...

. .. ######### ##
..##.......##...
..'........'........
#.......#.......
##########.......#....[.
#........O.......#.....
#........@...>...#....
#............>...#...
##..###'##'####..##'# #.
#..##...##..##.###### .
#...............'....
#..........รท....#....
#...............#....
#...............#.... ##
#....##'##'######...#


You could see an ogre.

Vanquished Creatures
  The ghost of Bodigarde the Poker, an amateur MfGl (D:3)
  A centaur skeleton (D:4)
  Crazy Yiuf (D:2)
  A bullfrog skeleton (D:4)
  Ijyb (D:3)
  Robin (D:2)
  7 adders
  2 oozes (D:1)
  A worm (D:2)
  3 dart slugs
  2 leopard geckos
  5 orcs (D:2)
  A ball python (D:3)
  5 giant cockroaches
  23 goblins
  7 hobgoblins
  5 jackals
  2 quokkas (D:3)
  8 bats
  6 frilled lizards
  6 kobolds
  A quokka skeleton (D:3)
  5 rats
95 creatures vanquished.

Notes
Turn   | Place    | Note
-------+----------+-------------------------------------------
     0 | D:1      | whitewolfNL the Minotaur Berserker began the quest for the
                  | Orb.
     0 | D:1      | Reached XP level 1. HP: 19/19 MP: 0/0
    90 | D:1      | Reached XP level 2. HP: 20/27 MP: 1/1
    92 | D:1      | Reached skill level 4 in Maces & Flails
   631 | D:1      | Reached XP level 3. HP: 32/33 MP: 2/2
   859 | D:1      | Reached skill level 1 in Stealth
  1048 | D:2      | Noticed Robin
  1050 | D:2      | Reached ** piety under Trog
  1062 | D:2      | Killed Robin
  1076 | D:2      | Reached XP level 4. HP: 3/40 MP: 3/3
  1767 | D:2      | Reached skill level 5 in Maces & Flails
  1944 | D:2      | Found a runed door.
  1948 | D:2      | Noticed Crazy Yiuf
  1954 | D:2      | Killed Crazy Yiuf
  2056 | D:2      | Reached XP level 5. HP: 43/46 MP: 4/4
  2712 | D:3      | Found a runed gate.
  2712 | D:3      | Found a runed gate.
  2712 | D:3      | Found a runed gate.
  2718 | D:3      | Noticed Bodigarde's ghost (amateur MfGl)
  2720 | D:3      | Found an opulent altar of Gozag.
  2779 | D:3      | Killed Bodigarde's ghost
  2779 | D:3      | Reached skill level 6 in Maces & Flails
  2779 | D:3      | Reached XP level 6. HP: 15/52 MP: 5/5
  3235 | D:3      | Reached *** piety under Trog
  3510 | D:3      | Noticed Ijyb
  3525 | D:3      | Killed Ijyb
  4054 | D:4      | Mangled by an ogre

Skill      XL: |  1  2  3  4  5  6 |
---------------+-------------------+-----
Maces & Flails | 4 5 6 |  6.6
Stealth        | 1 2 |  2.0
Fighting       | 4 |  4.4
Dodging        | 3 |  3.8
Armour         | 3 |  3.9
Evocations     | |  0.3

Action                   |  1- 3 |  4- 6 || total
-------------------------+-------+-------++-------
Melee: Mace              |    73 |    38 ||   111
       Headbutt          |    15 |    19 ||    34
       Flail             |       |    75 ||    75
       Whip              |       |    12 ||    12
Invok: Berserk           |     2 |     5 ||     7
  Use: Scroll            |       |     2 ||     2
  Eat: Chunk             |    14 |    13 ||    27
Armor: Animal skin       |    13 |       ||    13
       Leather armour    |     5 |    16 ||    21
       Scale mail        |       |    43 ||    43
Dodge: Dodged            |    34 |    90 ||   124
